 Dungeon Crawl Stone Soup version 0.21.1-1-g345015fe64 (webtiles) character file.

11316 Gargoyl the Cleaver (level 11, -13/91 HPs)
             Began as a Centaur Abyssal Knight on July 3, 2018.
             Was an Elder of Lugonu.
             Mangled by a freezing wraith (22 damage)
             ... led by a death knight
             ... on level 11 of the Dungeon.
             The game lasted 00:22:27 (14324 turns).

Gargoyl the Cleaver (Centaur Abyssal Knight)       Turns: 14324, Time: 00:22:28

Health: -13/91     AC: 27    Str: 17    XL:     11   Next: 47%
Magic:  15/19      EV:  6    Int: 11    God:    Lugonu [****..]
Gold:   218        SH:  4    Dex: 12    Spells: 10/10 levels left

rFire    . . .     SeeInvis .   t - +4 war axe
rCold    . . .     Gourm    .   b - +0 buckler
rNeg     + . .     Faith    .   d - +7 plate armour
rPois    .         Spirit   .   g - +2 helmet
rElec    .         Reflect  .   (no cloak)
rCorr    .         Harm     .   u - +2 pair of gloves
MR       +....                  (no barding)
Stlth    ..........             (no amulet)
HPRegen  0.25/turn              n - ring of positive energy
MPRegen  0.16/turn              x - ring of protection from magic

@: slowed
A: large, hooves 3, repulsion field 1, thin metallic scales 1, agile 1, blurry
vision 2, deformed body, speed 2, high mp 1, tough skin 3
a: Depart the Abyss, Bend Space, Banish, Corrupt, Renounce Religion


You were on level 11 of the Dungeon.
You worshipped Lugonu.
Lugonu was greatly pleased with you.
You were not hungry.

You visited 1 branch of the dungeon, and saw 11 of its levels.
You visited the Abyss 1 time.

You collected 674 gold pieces.
You spent 456 gold pieces at shops.

Inventory:

Hand Weapons
 a - a +1 hand axe
 t - a +4 war axe (weapon)
Missiles
 p - 7 tomahawks (quivered)
Armour
 b - a +0 buckler (worn)
 d - a +7 plate armour (worn)
 g - a +2 helmet (worn)
 u - a +2 pair of gloves (worn)
Jewellery
 n - a ring of positive energy (left hand)
 x - a ring of protection from magic (right hand)
 A - an uncursed ring of protection from fire
 G - the amulet "Dabaetz" {Harm *Drain Fragile +Fly rF+ Dex+5, unknown}
   (You found it on level 9 of the Dungeon)

   [amulet of harm]

   It increases damage dealt and taken.
   It affects your dexterity (+5).
   It protects you from fire.
   It lets you fly.
   It causes draining when unequipped.
   It will be destroyed if unequipped.
Wands
 r - a wand of polymorph (18)
 w - a wand of iceblast (4)
 F - a wand of clouds (4)
 K - a wand of flame (74)
Scrolls
 f - a scroll of fog
 i - 2 scrolls of identify
 j - 4 scrolls of teleportation
 v - 4 scrolls of remove curse
 C - a scroll of fear
 E - 2 scrolls of amnesia
 H - a scroll of torment {unknown}
 I - a scroll of enchant weapon
Potions
 e - a potion of haste
 h - a potion of flight
 k - 3 potions of heal wounds
 l - 6 potions of curing
 m - a potion of ambrosia
 q - a potion of lignification
Books
 o - a book of Changes

   Spells                             Type                      Level
   a - Beastly Appendage              Transmutation                1
   b - Sticks to Snakes               Transmutation                2
   c - Spider Form                    Transmutation/Poison         3
   d - Ice Form                       Ice/Transmutation            4
   e - Blade Hands                    Transmutation                5
 y - a book of Air

   Spells                             Type                      Level
   a - Shock                          Conjuration/Air              1
   b - Swiftness                      Charms/Air                   2
   c - Static Discharge               Conjuration/Air              3
   d - Airstrike                      Air                          4
   e - Lightning Bolt                 Conjuration/Air              5
 B - a book of Flames

   Spells                             Type                      Level
   a - Flame Tongue                   Conjuration/Fire             1
   b - Throw Flame                    Conjuration/Fire             2
   c - Conjure Flame                  Conjuration/Fire             3
   d - Inner Flame                    Hexes/Fire                   3
   e - Sticky Flame                   Conjuration/Fire             4
   f - Fireball                       Conjuration/Fire             5
 J - a book of Geomancy

   Spells                             Type                      Level
   a - Sandblast                      Earth                        1
   b - Passwall                       Transmutation/Earth          2
   c - Stone Arrow                    Conjuration/Earth            3
   d - Petrify                        Transmutation/Earth          4
   e - Lee's Rapid Deconstruction     Earth                        5
Comestibles
 c - 14 rations


   Skills:
 + Level 6.7 Fighting
   Level 1.5 Long Blades
 + Level 9.6 Axes
 + Level 0.1 Throwing
 * Level 8.0 Armour
 + Level 1.4 Dodging
 + Level 2.8 Shields
 * Level 9.3 Invocations
 + Level 0.2 Evocations


You had 10 spell levels left.
You didn't know any spells.

Dungeon Overview and Level Annotations

Branches:
Dungeon (11/15)            Temple (0/1) D:7             Orc (0/2) D:9
   Lair: D:8-11

Altars:
Ashenzari
Dithmenos
Elyvilon
Kikubaaqudgha
Makhleb
Okawaru
Qazlal
Sif Muna
Trog
Uskayaw
Xom
Yredelemnul
Zin
The Shining One

Shops:
D:4 =:[(*   D:9 ?

Annotations:
Abyss:1 Dowan


Innate Abilities, Weirdness & Mutations

You have hooves in place of feet.
Armour fits poorly on your strangely shaped body.
You cover ground very quickly.
You have extremely tough skin. (AC +3)
You are surrounded by a mild repulsion field. (EV +2)
You are partially covered in thin metallic scales. (AC +2)
You are agile. (Dex +2)
Scrolls take you longer to read.
You have an increased reservoir of magic. (+10% MP)


Message History

The freezing wraith hits you. The freezing wraith freezes you!!
* * * LOW HITPOINT WARNING * * *
The freezing wraith barely misses you.
The freezing wraith hits you but does no damage. x2
The freezing wraith completely misses you.
The freezing wraith hits you but does no damage.
The freezing wraith barely misses you.
The freezing wraith hits you but does no damage.
Unknown command.
Press: ? - help, Shift-Dir - straight line, f - freezing wraith
Aim: a freezing wraith (chance to defeat MR: 73%)
The freezing wraith struggles to resist.
You feel quite a bit more hungry. You block the freezing wraith's attack.
The freezing wraith hits you but does no damage.
The freezing wraith completely misses you.
The freezing wraith hits you but does no damage.
The freezing wraith hits you.
* * * LOW HITPOINT WARNING * * *
The freezing wraith freezes you!!
You die...

... ##.
#.## ....
#..####...#
##.)....#
###'##.#
##...##
##⌠...⌠##
#.......#
#.>.⌠.@W#
#....)W.#
##⌠.<.⌠##
##...##
#####


You could see 2 freezing wraiths.

Vanquished Creatures
  The ghost of Evaline the Basher, a journeyman HOBe of Trog (D:10)
  A two-headed ogre (D:11)
  Pikel (D:4)
  A gargoyle (D:8)
  An efreet (D:8)
  3 hippogriffs
  A wyvern (D:9)
  A vampire (D:9)
  3 yaks (D:11)
  A spriggan (D:9)
  A basilisk (D:10)
  The ghost of AlexK the Cudgeler, an amateur GrMo (D:4)
  Duvessa (D:4)
  2 hornet zombies
  A black bear (D:10)
  5 orc warriors
  3 ice beasts
  3 phantoms
  5 ogres
  A centaur (D:5)
  A crocodile (D:9)
  Blork the orc (D:5)
  A gnoll sergeant (D:10)
  9 bullfrogs
  4 scorpions
  11 killer bees
  3 wights (D:9)
  6 howler monkeys
  2 crimson imps
  5 orc priests
  A quasit (D:8)
  A bullfrog zombie (D:10)
  5 jellies
  7 orc wizards
  2 centaur skeletons
  5 hounds
  3 bullfrog skeletons
  An iguana (D:8)
  6 worker ants
  A hound skeleton (D:6)
  A worker ant zombie (D:7)
  3 gnolls (D:9)
  14 adders
  4 shadow imps
  An adder skeleton (D:4)
  3 worms (D:2)
  5 dart slugs
  9 leopard geckos
  44 orcs
  6 giant cockroaches
  8 goblins
  7 hobgoblins
  4 jackals (D:2)
  9 kobolds
  4 quokkas
  2 ball pythons
  A ball python skeleton (D:3)
  8 bats
  4 frilled lizards
  A giant cockroach zombie (D:6)
  A leopard gecko skeleton (D:4)
  9 rats
  A lurking horror (Abyss:3)
261 creatures vanquished.

Vanquished Creatures (others)
  An ettin (D:10)
  A fire dragon (D:10)
  A two-headed ogre (D:9)
  An unseen horror (D:11)
  A gargoyle (D:10)
5 creatures vanquished.

Grand Total: 266 creatures vanquished

Notes
Turn   | Place    | Note
-------+----------+-------------------------------------------
     0 | Abyss:1  | Gargoyl the Centaur Abyssal Knight began the quest for the Orb.
     0 | Abyss:1  | Reached XP level 1. HP: 19/19 MP: 2/2
    58 | Abyss:3  | Noticed a kraken
    92 | Abyss:3  | Noticed a quicksilver dragon
    97 | Abyss:3  | Noticed a death drake
    99 | Abyss:3  | Noticed a jumping spider
    99 | Abyss:3  | a death drake changed into a jumping spider
   104 | Abyss:3  | Noticed a yaktaur
   107 | Abyss:3  | Noticed an eye of draining
   107 | Abyss:3  | a yaktaur changed into an eye of draining
   116 | Abyss:3  | Noticed a thrashing horror
   117 | Abyss:3  | Noticed a thrashing horror
   119 | Abyss:3  | Noticed a thrashing horror
   121 | D:1      | Escaped the Abyss
   383 | D:1      | Reached * piety under Lugonu
   386 | D:1      | Reached XP level 2. HP: 23/26 MP: 3/3
   431 | D:1      | You fall through a shaft!
   684 | D:2      | Noticed a bullfrog
   739 | D:1      | Reached XP level 3. HP: 30/31 MP: 3/5
  1380 | D:2      | Killed a bullfrog
  1380 | D:2      | Reached ** piety under Lugonu
  1380 | D:2      | Reached XP level 4. HP: 23/38 MP: 6/6
  1497 | D:2      | Found a basalt altar of Yredelemnul.
  1723 | D:2      | Found a burning altar of Makhleb.
  2138 | D:2      | Reached XP level 5. HP: 35/45 MP: 7/7
  2726 | D:2      | Found a white marble altar of Elyvilon.
  2792 | D:3      | Found a faded altar of an unknown god.
  3250 | D:3      | Reached *** piety under Lugonu
  3371 | D:3      | Reached XP level 6. HP: 38/52 MP: 8/8
  3542 | D:3      | Gained mutation: You are clumsy. (Dex -2) [potion of mutation]
  3542 | D:3      | Gained mutation: You are surrounded by a mild repulsion field. (EV +2) [potion of mutation]
  3543 | D:3      | Lost mutation: You are clumsy. (Dex -2) [potion of mutation]
  3543 | D:3      | Gained mutation: You are partially covered in thin metallic scales. (AC +2) [potion of mutation]
  3543 | D:3      | Gained mutation: Scrolls take you a little longer to read. [potion of mutation]
  3543 | D:3      | Gained mutation: You are dopey. (Int -2) [potion of mutation]
  3543 | D:3      | Gained mutation: Your movements are slightly less encumbered by armour. (ER -2) [potion of mutation]
  3826 | D:4      | Noticed AlexK's ghost (amateur GrMo)
  3860 | D:4      | Killed AlexK's ghost
  4076 | D:4      | Found Gadwooc's Antique Armour Emporium.
  4187 | D:4      | Found Rafo Lig's Assorted Antiques.
  4189 | D:4      | Found Ceagacao's Antique Weapon Emporium.
  4195 | D:4      | Bought a scroll of enchant weapon for 172 gold pieces
  4195 | D:4      | Bought a scroll of enchant armour for 172 gold pieces
  4246 | D:4      | Reached XP level 7. HP: 59/59 MP: 10/10
  4278 | D:4      | Found Sataateo's Book Boutique.
  4295 | D:4      | Noticed Pikel
  4491 | D:4      | Found Fuschopteo's Jewellery Emporium.
  4599 | D:4      | Killed Pikel
  4599 | D:4      | Reached skill level 5 in Axes
  4599 | D:4      | Reached skill level 1 in Dodging
  4864 | D:4      | Noticed Dowan
  4867 | D:4      | Noticed Duvessa
  4885 | D:4      | Killed Duvessa
  4885 | D:4      | Reached XP level 8. HP: 47/67 MP: 11/11
  4892 | D:4      | Banished Dowan
  5308 | D:5      | Entered Level 5 of the Dungeon
  5397 | D:5      | Found a shadowy altar of Dithmenos.
  5502 | D:5      | Reached skill level 5 in Invocations
  5662 | D:5      | Found a stormy altar of Qazlal.
  5719 | D:5      | Noticed Blork the orc
  5735 | D:5      | Killed Blork the orc
  5770 | D:5      | Lost mutation: Your movements are slightly less encumbered by armour. (ER -2) [potion of mutation]
  5770 | D:5      | Gained mutation: You have an increased reservoir of magic. (+10% MP) [potion of mutation]
  5770 | D:5      | Gained mutation: Scrolls take you longer to read. [potion of mutation]
  5770 | D:5      | Gained mutation: You are agile. (Dex +2) [potion of mutation]
  5770 | D:5      | Lost mutation: You are dopey. (Int -2) [potion of mutation]
  6221 | D:6      | Reached skill level 5 in Armour
  6234 | D:6      | Reached skill level 1 in Shields
  6244 | D:6      | Reached **** piety under Lugonu
  6306 | D:6      | Found an iron altar of Okawaru.
  6334 | D:6      | Found a hide-covered altar of Uskayaw.
  6372 | D:6      | Found a bloodstained altar of Trog.
  6691 | D:6      | Reached XP level 9. HP: 65/73 MP: 14/14
  6750 | D:6      | You fall through a shaft for 2 floors!
  6871 | D:8      | Reached skill level 5 in Fighting
  7023 | D:8      | Found a shattered altar of Ashenzari.
  7178 | D:8      | Noticed a gargoyle
  7519 | D:7      | Found a shattered altar of Ashenzari.
  7878 | D:7      | Found a staircase to the Ecumenical Temple.
  7900 | D:7      | Found a glowing golden altar of the Shining One.
  7901 | D:7      | Found an ancient bone altar of Kikubaaqudgha.
  7904 | D:7      | Found a shadowy altar of Dithmenos.
  7907 | D:7      | Found a deep blue altar of Sif Muna.
  7908 | D:7      | Found a shimmering altar of Xom.
  7908 | D:7      | Found a glowing silver altar of Zin.
  8131 | D:8      | Killed a gargoyle
  8545 | D:8      | Reached ***** piety under Lugonu
  8930 | D:9      | Found Ribb's Magic Scroll Emporium.
  8936 | D:9      | Bought a scroll of enchant armour for 112 gold pieces
  8971 | D:9      | Reached XP level 10. HP: 61/81 MP: 16/16
  9036 | D:9      | Got an encrusted long sword
  9037 | D:9      | Identified the cursed +2 long sword of Terra Cotta {drain, rPois Str+5} (You found it on level 9 of the Dungeon)
  9061 | D:9      | Noticed a two-headed ogre
  9514 | D:9      | Banished a two-headed ogre
  9514 | D:9      | Reached skill level 1 in Long Blades
 10422 | D:9      | Found a staircase to the Orcish Mines.
 10517 | D:9      | Got a glittering bronze amulet
 10637 | D:10     | Entered Level 10 of the Dungeon
 10803 | D:10     | Noticed a gargoyle
 11585 | D:10     | Banished a gargoyle
 12039 | D:10     | Found a runed door.
 12047 | D:10     | Noticed a fire dragon
 12053 | D:10     | Banished a fire dragon
 12053 | D:10     | Reached XP level 11. HP: 29/90 MP: 9/18
 12182 | D:10     | Noticed a flayed ghost
 12186 | D:10     | Banished a flayed ghost
 12454 | D:10     | Noticed an ettin
 12474 | D:10     | Banished an ettin
 12910 | D:10     | Noticed Evaline's ghost (journeyman HOBe)
 12939 | D:10     | HP: 5/136 [Evaline's ghost (11)]
 12940 | D:10     | HP: 1/136 [Evaline's ghost (4)]
 12944 | D:10     | Killed Evaline's ghost
 13825 | D:11     | Banished an unseen horror
 14062 | D:11     | Noticed a two-headed ogre
 14073 | D:11     | Killed a two-headed ogre
 14324 | D:11     | Mangled by a freezing wraith

Skill      XL: |  1  2  3  4  5  6  7  8  9 10 11 |
---------------+----------------------------------+-----
Axes           | 2 3 4 5 6 7 9 |  9.6
Armour         | 2 3 4 5 6 7 8 |  8.0
Invocations    | 3 4 5 7 9 |  9.3
Fighting       | 4 5 6 |  6.7
Dodging        | 1 |  1.4
Shields        | 1 2 |  2.8
Long Blades    | 1 |  1.5
Throwing       | |  0.1
Evocations     | |  0.2

Action                   |  1- 3 |  4- 6 |  7- 9 | 10-12 || total
-------------------------+-------+-------+-------+-------++-------
Melee: Hand axe          |   126 |    25 |       |       ||   151
       Kick              |    18 |    32 |    70 |   101 ||   221
       War axe           |       |   182 |   331 |   276 ||   789
       Long sword        |       |       |       |    57 ||    57
Throw: Tomahawk          |       |       |       |     3 ||     3
Invok: Depart the Abyss  |     1 |       |       |       ||     1
       Banish            |       |       |     1 |    13 ||    14
       Bend Space        |       |       |       |     1 ||     1
Evoke: Wand              |       |       |     4 |       ||     4
  Use: Scroll            |     1 |    17 |     9 |     2 ||    29
       Potion            |       |     2 |     4 |     9 ||    15
  Eat: Chunk             |       |     7 |     8 |     5 ||    20
       Ration            |       |       |     2 |     5 ||     7
Armor: Plate armour      |   147 |   195 |   447 |   440 ||  1229
       Skin              |       |       |     5 |     2 ||     7
Dodge: Dodged            |    11 |    43 |   110 |   114 ||   278
Block: Buckler           |       |     8 |    70 |    91 ||   169
       Rpst.: Long sword |       |       |       |     7 ||     7
